| TOP OF THE 1ST |
|
Bowling Green Hot Rods batting - Pitching for Burlington Bees : RHP Hector Carrizales
|
|
Pitching: RHP Hector Carrizales
|
|
|
Batting: LHB Sean Banks
|
0-0: Ball 1-0: Foul Ball, location: 2F 1-1: Ground out U3 (Groundball, 34, EV 84.4 MPH)
|
|
Batting: SHB Luis Verduzco
|
0-0: Ball 1-0: Ball 2-0: Called Strike 2-1: Ground out 6-3 (Groundball, 6S, EV 69.4 MPH)
|
|
Batting: LHB Rocky Crowley
|
0-0: Ball 1-0: Ball 2-0: Ball 3-0: Base on Balls
|
|
Batting: RHB John Downing
|
0-0: Ball 1-0: Fielders Choice at 2nd, 6-4 (Groundball, 6D, EV 98.8 MPH)
|
| Top of the 1st over - 0 runs, 0 hits, 0 errors, 1 left on base; Bowling Green 0 - Burlington 0 |
| BOTTOM OF THE 1ST |
|
Burlington Bees batting - Pitching for Bowling Green Hot Rods : RHP Ryan Van Riper
|
|
Pitching: RHP Ryan Van Riper
|
|
|
Batting: RHB Ivan Barrientos
|
0-0: Called Strike 0-1: SINGLE (Groundball, 6MD, EV 101.9 MPH)
|
|
Batting: RHB Scott Webb
|
0-0: Called Strike 0-1: Fly out, F7 (Flyball, 7D, EV 105.0 MPH)
|
|
Batting: LHB Ramon Garduno
|
0-0: Foul Ball, location: 2F 0-1: Ball 1-1: Ball 2-1: Ground out 4-3 (Groundball, 34, EV 86.2 MPH) Ivan Barrientos to second
|
|
Batting: SHB Danny Gelinas
|
0-0: Ball 1-0: Swinging Strike 1-1: Foul Ball, location: 2F 1-2: Ball 2-2: Strikes out swinging
|
| Bottom of the 1st over - 0 runs, 1 hit, 0 errors, 1 left on base; Bowling Green 0 - Burlington 0 |
| TOP OF THE 2ND |
|
Bowling Green Hot Rods batting - Pitching for Burlington Bees : RHP Hector Carrizales
|
|
Batting: RHB Tim Dower
|
0-0: Ball 1-0: Fly out, F4 (Popup, 34, EV 63.8 MPH)
|
|
Batting: RHB Jim Erdody
|
0-0: Called Strike 0-1: Fly out, F9 (Flyball, 9S, EV 90.6 MPH)
|
|
Batting: RHB Bazyli Andrysiak
|
0-0: Ball 1-0: Reached on error, E4 (Groundball, 34, EV 83.1 MPH)
|
|
Batting: LHB Eduardo Lopez
|
0-0: Foul Ball, location: 2F 0-1: Called Strike 0-2: Ball 1-2: Foul Ball, location: 2F 1-2: Strikes out swinging
|
| Top of the 2nd over - 0 runs, 0 hits, 1 error, 1 left on base; Bowling Green 0 - Burlington 0 |
| BOTTOM OF THE 2ND |
|
Burlington Bees batting - Pitching for Bowling Green Hot Rods : RHP Ryan Van Riper
|
|
Batting: LHB Pavla Markianov
|
0-0: Foul Ball, location: 2F 0-1: Fly out, F8 (Line Drive, 8RM, EV 91.2 MPH)
|
|
Batting: RHB Peter Westover
|
0-0: Ball 1-0: Swinging Strike 1-1: Ball 2-1: Foul Ball, location: 2F 2-2: Ground out 1-3 (Groundball, P, EV 71.2 MPH)
|
|
Batting: SHB David Vigo
|
0-0: Called Strike 0-1: Ball 1-1: Ball 2-1: Foul Ball, location: 2F 2-2: Ground out 6-3 (Groundball, 6, EV 80.6 MPH)
|
| Bottom of the 2nd over - 0 runs, 0 hits, 0 errors, 0 left on base; Bowling Green 0 - Burlington 0 |
| TOP OF THE 3RD |
|
Bowling Green Hot Rods batting - Pitching for Burlington Bees : RHP Hector Carrizales
|
|
Batting: RHB Dave Valdez
|
0-0: Ball 1-0: Foul Ball, location: 2F 1-1: Ball 2-1: Swinging Strike 2-2: Foul Ball, location: 2F 2-2: Ground out 3-1 (Groundball, 34, EV 82.5 MPH)
|
|
Batting: LHB Sean Banks
|
0-0: Ball 1-0: Foul Ball, location: 2F 1-1: Ball 2-1: Ball 3-1: Foul Ball, location: 2F 3-2: Foul Ball, location: 2F 3-2: Base on Balls
|
|
Batting: SHB Luis Verduzco
|
0-0: Called Strike 0-1: Ball 1-1: Ball 2-1: Fly out, F9 (Line Drive, 9LS, EV 93.1 MPH)
|
|
Batting: LHB Rocky Crowley
|
0-0: Ball 1-0: Foul Ball, location: 2F 1-1: Swinging Strike 1-2: Ball 2-2: SINGLE (Line Drive, 8LS, EV 88.1 MPH) Sean Banks to second Runner from 2nd tries for 3rd, OUT! 8-5
|
| Top of the 3rd over - 0 runs, 1 hit, 0 errors, 1 left on base; Bowling Green 0 - Burlington 0 |
| BOTTOM OF THE 3RD |
|
Burlington Bees batting - Pitching for Bowling Green Hot Rods : RHP Ryan Van Riper
|
|
Batting: RHB Dan Myers
|
0-0: Swinging Strike 0-1: Called Strike 0-2: Ball 1-2: Strikes out swinging
|
|
Batting: RHB Rory Cobb
|
0-0: Fly out, F7 (Line Drive, 7, EV 85.0 MPH)
|
|
Batting: RHB Ivan Barrientos
|
0-0: Swinging Strike 0-1: SINGLE (Line Drive, 8RS, EV 92.5 MPH)
|
|
Batting: RHB Scott Webb
|
0-0: Called Strike 0-1: Called Strike 0-2: Fly out, F9 (Flyball, 9D, EV 99.4 MPH)
|
| Bottom of the 3rd over - 0 runs, 1 hit, 0 errors, 1 left on base; Bowling Green 0 - Burlington 0 |
| TOP OF THE 4TH |
|
Bowling Green Hot Rods batting - Pitching for Burlington Bees : RHP Hector Carrizales
|
|
Batting: RHB John Downing
|
0-0: Ball 1-0: Ball 2-0: Foul Ball, location: 2F 2-1: Foul Ball, location: 2F 2-2: Foul Ball, location: 2F 2-2: Ball 3-2: SINGLE (Line Drive, 6D, EV 95.6 MPH)
|
|
Batting: RHB Tim Dower
|
0-0: Called Strike 0-1: Grounds into double play, 4-6-3 (Groundball, 4, EV 78.8 MPH)
|
|
Batting: RHB Jim Erdody
|
0-0: Ball 1-0: Ball 2-0: Foul Ball, location: 2F 2-1: Ground out 5-3 (Groundball, 56S, EV 79.4 MPH)
|
| Top of the 4th over - 0 runs, 1 hit, 0 errors, 0 left on base; Bowling Green 0 - Burlington 0 |
| BOTTOM OF THE 4TH |
|
Burlington Bees batting - Pitching for Bowling Green Hot Rods : RHP Ryan Van Riper
|
|
Batting: LHB Ramon Garduno
|
0-0: Called Strike 0-1: Ball 1-1: Ball 2-1: Foul Ball, location: 2F 2-2: Foul Ball, location: 2F 2-2: Ball 3-2: Fly out, F8 (Line Drive, 89M, EV 93.1 MPH)
|
|
Batting: SHB Danny Gelinas
|
0-0: Called Strike 0-1: Called Strike 0-2: Strikes out looking
|
|
Batting: LHB Pavla Markianov
|
0-0: Ground out 2-3 (Groundball, 2L, EV 69.4 MPH)
|
| Bottom of the 4th over - 0 runs, 0 hits, 0 errors, 0 left on base; Bowling Green 0 - Burlington 0 |
| TOP OF THE 5TH |
|
Bowling Green Hot Rods batting - Pitching for Burlington Bees : RHP Hector Carrizales
|
|
Batting: RHB Bazyli Andrysiak
|
0-0: Ball 1-0: DOUBLE (Line Drive, 9LM, EV 105.6 MPH)
|
|
Batting: LHB Eduardo Lopez
|
0-0: Ground out 6-3 (Groundball, 56D, EV 102.5 MPH)
|
|
Batting: RHB Dave Valdez
|
0-0: Ball 1-0: Ball 2-0: Swinging Strike 2-1: Foul Ball, location: 2F 2-2: Foul Ball, location: 2F 2-2: Strikes out swinging
|
|
Batting: LHB Sean Banks
|
0-0: Ball 1-0: Called Strike 1-1: Ball 2-1: Called Strike 2-2: DOUBLE (Line Drive, 7LM, EV 101.2 MPH) Bazyli Andrysiak scores
|
|
Batting: SHB Luis Verduzco
|
0-0: Called Strike 0-1: Ground out 6-3 (Groundball, 6S, EV 86.9 MPH)
|
| Top of the 5th over - 1 run, 2 hits, 0 errors, 1 left on base; Bowling Green 1 - Burlington 0 |
| BOTTOM OF THE 5TH |
|
Burlington Bees batting - Pitching for Bowling Green Hot Rods : RHP Ryan Van Riper
|
|
Batting: RHB Peter Westover
|
0-0: Called Strike 0-1: Ball 1-1: Foul Ball, location: 2F 1-2: Ball 2-2: Ball 3-2: Base on Balls
|
|
Batting: SHB David Vigo
|
0-0: Hit by Pitch Peter Westover to second
|
|
Batting: RHB Dan Myers
|
0-0: Ground out 3-1 (Groundball, 34S, EV 69.4 MPH) Peter Westover to third David Vigo to second
|
|
Batting: RHB Rory Cobb
|
0-0: Ball 1-0: Called Strike 1-1: Ball 2-1: SINGLE (Line Drive, 4MD, EV 95.6 MPH) Peter Westover scores David Vigo to third Runner from 3rd tries for Home, SAFE, throw by CF to home Rory Cobb to second
|
|
Batting: RHB Ivan Barrientos
|
0-0: Called Strike 0-1: Ball 1-1: Ball 2-1: Called Strike 2-2: Foul Ball, location: 2F 2-2: Strikes out looking
|
|
Batting: RHB Scott Webb
|
0-0: Ball 1-0: Ball 2-0: Called Strike 2-1: Fly out, F5 (Line Drive, 5, EV 71.2 MPH)
|
| Bottom of the 5th over - 2 runs, 1 hit, 0 errors, 1 left on base; Bowling Green 1 - Burlington 2 |
| TOP OF THE 6TH |
|
Bowling Green Hot Rods batting - Pitching for Burlington Bees : RHP Hector Carrizales
|
|
Batting: LHB Rocky Crowley
|
0-0: Ball 1-0: Ball 2-0: Called Strike 2-1: Foul Ball, location: 2F 2-2: Strikes out swinging
|
|
Batting: RHB John Downing
|
0-0: Called Strike 0-1: Ball 1-1: DOUBLE (Line Drive, 78M, EV 93.1 MPH)
|
|
Batting: RHB Tim Dower
|
0-0: Called Strike 0-1: Ball 1-1: Swinging Strike 1-2: Strikes out looking
|
|
Batting: RHB Jim Erdody
|
0-0: Ball 1-0: Ball Wild Pitch! John Downing to third 2-0: Ball 3-0: Base on Balls
|
|
Pitching: RHP Manuel Vega
|
|
|
Batting: RHB Bazyli Andrysiak
|
0-0: Called Strike 0-1: Ball Wild Pitch! John Downing scores Jim Erdody to second 1-1: Called Strike 1-2: Strikes out swinging
|
| Top of the 6th over - 1 run, 1 hit, 0 errors, 1 left on base; Bowling Green 2 - Burlington 2 |
| BOTTOM OF THE 6TH |
|
Burlington Bees batting - Pitching for Bowling Green Hot Rods : RHP Ryan Van Riper
|
|
Batting: LHB Ramon Garduno
|
0-0: Ball 1-0: Ball 2-0: Swinging Strike 2-1: Ball 3-1: Base on Balls
|
|
Batting: SHB Danny Gelinas
|
0-0: Hit by Pitch Ramon Garduno to second
|
|
Batting: LHB Pavla Markianov
|
0-0: Ball 1-0: Ball 2-0: Ball 3-0: Base on Balls Ramon Garduno to third Danny Gelinas to second
|
|
Batting: RHB Peter Westover
|
0-0: Called Strike 0-1: Fly out, F8 (Flyball, 78D, EV 95.6 MPH)
|
|
Batting: SHB David Vigo
|
0-0: TRIPLE (Line Drive, 89XD, EV 108.8 MPH) Ramon Garduno scores Danny Gelinas scores Pavla Markianov scores
|
|
Pitching: LHP Ryan Folks
|
|
|
Batting: RHB Dan Myers
|
0-0: Ball 1-0: Foul Ball, location: 2F 1-1: Foul Ball, location: 2F 1-2: Strikes out swinging
|
|
Batting: RHB Rory Cobb
|
0-0: Called Strike 0-1: Ball 1-1: Ball 2-1: Ball Wild Pitch! David Vigo scores 3-1: Base on Balls
|
|
Batting: RHB Ivan Barrientos
|
0-0: Called Strike 0-1: Foul Ball, location: 2F 0-2: Foul Ball, location: 2F 0-2: Ball 1-2: TRIPLE (Line Drive, 8LXD, EV 105.0 MPH) Rory Cobb scores
|
|
Batting: RHB Scott Webb
|
0-0: Ground out 6-3 (Groundball, 6, EV 90.0 MPH)
|
| Bottom of the 6th over - 5 runs, 2 hits, 0 errors, 1 left on base; Bowling Green 2 - Burlington 7 |
| TOP OF THE 7TH |
|
Bowling Green Hot Rods batting - Pitching for Burlington Bees : RHP Manuel Vega
|
|
Batting: LHB Eduardo Lopez
|
0-0: Called Strike 0-1: DOUBLE (Line Drive, 78D, EV 101.9 MPH)
|
|
Batting: RHB Dave Valdez
|
0-0: Called Strike 0-1: Called Strike 0-2: Strikes out swinging
|
|
Batting: LHB Sean Banks
|
0-0: Foul Ball, location: 2F 0-1: Foul Ball, location: 2F 0-2: Ball 1-2: Foul Ball, location: 2F 1-2: Foul Ball, location: 2F 1-2: Strikes out swinging
|
|
Batting: SHB Luis Verduzco
|
0-0: Called Strike 0-1: SINGLE (Groundball, 34D, EV 95.0 MPH) Eduardo Lopez to third Runner from 3rd tries for Home, throw by RF and OUT! 9-2
|
| Top of the 7th over - 0 runs, 2 hits, 0 errors, 1 left on base; Bowling Green 2 - Burlington 7 |
| BOTTOM OF THE 7TH |
|
Burlington Bees batting - Pitching for Bowling Green Hot Rods : LHP Ryan Folks
|
|
Batting: LHB Ramon Garduno
|
0-0: Ball 1-0: Called Strike 1-1: Ball 2-1: Foul Ball, location: 2F 2-2: Ball 3-2: Strikes out swinging
|
|
Batting: SHB Danny Gelinas
|
0-0: Foul Ball, location: 2F 0-1: Ball 1-1: Foul Ball, location: 2F 1-2: Foul Ball, location: 2F 1-2: Ball 2-2: Strikes out swinging
|
|
Batting: LHB Pavla Markianov
|
0-0: Called Strike 0-1: Foul Ball, location: 2F 0-2: Ball 1-2: Ball 2-2: SINGLE (Line Drive, 6MD, EV 99.4 MPH)
|
|
Pitching: RHP Andres Morales
|
|
|
Batting: RHB Peter Westover
|
0-0: Ball Pavla Markianov steals 2nd, throwing error, E2 Pavla Markianov to third 1-0: Called Strike 1-1: Ball 2-1: Foul Ball, location: 2F 2-2: Ground out 5-3 (Groundball, 56S, EV 88.8 MPH)
|
| Bottom of the 7th over - 0 runs, 1 hit, 1 error, 1 left on base; Bowling Green 2 - Burlington 7 |
| TOP OF THE 8TH |
|
Bowling Green Hot Rods batting - Pitching for Burlington Bees : RHP Manuel Vega
|
|
Batting: LHB Rocky Crowley
|
0-0: Swinging Strike 0-1: SINGLE (Flyball, 4D, EV 91.2 MPH)
|
|
Batting: RHB John Downing
|
0-0: Ball 1-0: Called Strike 1-1: Foul Ball, location: 2F 1-2: Ball 2-2: Foul Ball, location: 2F 2-2: SINGLE (Line Drive, 89S, EV 100.0 MPH) Rocky Crowley to second
|
|
Batting: RHB Tim Dower
|
0-0: Called Strike 0-1: Ball 1-1: Fielders Choice at 2nd, 6-4 (Groundball, 6, EV 88.8 MPH) Rocky Crowley to third
|
|
Batting: RHB Jim Erdody
|
0-0: Foul Ball, location: 2F 0-1: Ball 1-1: Called Strike 1-2: Strikes out swinging
|
|
Batting: RHB Bazyli Andrysiak
|
0-0: Ball 1-0: SINGLE (Groundball, 56D, EV 93.8 MPH) Rocky Crowley scores Tim Dower to second
|
|
Batting: LHB Eduardo Lopez
|
0-0: Fly out, F8 (Flyball, 8RD, EV 100.0 MPH)
|
| Top of the 8th over - 1 run, 3 hits, 0 errors, 2 left on base; Bowling Green 3 - Burlington 7 |
| BOTTOM OF THE 8TH |
|
Burlington Bees batting - Pitching for Bowling Green Hot Rods : RHP Andres Morales
|
|
Batting: SHB David Vigo
|
0-0: Called Strike 0-1: Called Strike 0-2: Ground out 6-3 (Groundball, 6M, EV 103.8 MPH)
|
|
Batting: RHB Dan Myers
|
0-0: Ball 1-0: Called Strike 1-1: Ball 2-1: Foul Ball, location: 2F 2-2: Strikes out looking
|
|
Batting: RHB Rory Cobb
|
0-0: Called Strike 0-1: Ball 1-1: Ball 2-1: Foul Ball, location: 2F 2-2: SINGLE (Groundball, 34D, EV 98.8 MPH)
|
|
Batting: RHB Ivan Barrientos
|
0-0: Ball 1-0: Foul Ball, location: 2F 1-1: Swinging Strike 1-2: Strikes out looking
|
| Bottom of the 8th over - 0 runs, 1 hit, 0 errors, 1 left on base; Bowling Green 3 - Burlington 7 |
| TOP OF THE 9TH |
|
Bowling Green Hot Rods batting - Pitching for Burlington Bees : RHP Manuel Vega
|
|
Pitching: RHP Chris DePalma
|
|
|
Batting: RHB Dave Valdez
|
0-0: Ball 1-0: Ball 2-0: Ball 3-0: Called Strike 3-1: Called Strike 3-2: Strikes out looking
|
|
Batting: LHB Sean Banks
|
0-0: Called Strike 0-1: Ball 1-1: SINGLE (Groundball, 34S, EV 65.6 MPH) (infield hit)
|
|
Batting: SHB Luis Verduzco
|
0-0: DOUBLE (Line Drive, 78M, EV 99.4 MPH) Sean Banks to third
|
|
Pitching: RHP Simon Vogel
|
|
|
Batting: LHB Rocky Crowley
|
0-0: Called Strike 0-1: Ball 1-1: Foul Ball, location: 2F 1-2: Ball 2-2: Foul Ball, location: 2F 2-2: Foul Ball, location: 2F 2-2: Foul Ball, location: 2F 2-2: Ball 3-2: Base on Balls
|
|
Batting: RHB John Downing
|
0-0: Fielders Choice at 2nd, 5-4 (Groundball, 5, EV 89.4 MPH) Sean Banks scores Luis Verduzco to third
|
|
Batting: RHB Tim Dower
|
0-0: Called Strike 0-1: Swinging Strike 0-2: Ball 1-2: Ball 2-2: SINGLE (Groundball, 34D, EV 95.0 MPH) Luis Verduzco scores John Downing to second
|
|
Batting: RHB Jim Erdody
|
0-0: Called Strike 0-1: Swinging Strike 0-2: Ball 1-2: Foul Ball, location: 2F 1-2: Strikes out looking
|
| Top of the 9th over - 2 runs, 3 hits, 0 errors, 2 left on base; Bowling Green 5 - Burlington 7 |
|